 Dungeon Crawl Stone Soup version 0.17.2-1-ge4368a0 (webtiles) character file.

117 Goblin1989 the Vexing (level 4, -5/21 HPs)
             Began as a Spriggan Enchanter on Sept 27, 2016.
             Slain by a water moccasin skeleton (6 damage)
             ... on level 4 of the Dungeon.
             The game lasted 00:12:18 (2334 turns).

Goblin1989 the Vexing (Spriggan Enchanter)          Turns: 2334, Time: 00:12:18

Health: -5/21      AC:  3    Str:  4    XL:     4   Next: 71%
Magic:  4/10       EV: 19    Int: 17    God:
Gold:   60         SH:  0    Dex: 16    Spells: 4 memorised, 1 level left

rFire  . . .     SeeInvis +     a - +1 dagger
rCold  . . .     Clarity  .     b - +1 robe
rNeg   . . .     SustAt   .     (shield restricted)
rPois  .         Gourm    .     (helmet restricted)
rElec  .         Spirit   .     (no cloak)
rCorr  .         Warding  .     (gloves unavailable)
rMut   .         Stasis   .     (boots unavailable)
MR     .....                    (no amulet)
Stlth  +++.......               (no ring)
                                (no ring)

@: very quick, not resistant to hostile enchantments, fairly stealthy
A: unfitting armour, see invisible, herbivore 3, speed 3, slow metabolism 2
a: no special abilities


You were on level 4 of the Dungeon.
You were hungry.

You visited 1 branch of the dungeon, and saw 4 of its levels.

You collected 60 gold pieces.

Inventory:

Hand Weapons
 a - a +1 dagger (weapon)
Missiles
 h - 129 stones (quivered)
Armour
 b - a +1 robe (worn)
Scrolls
 j - a scroll of remove curse {@r2}
 R - a scroll of identify {@r1}
Potions
 i - a potion of agility
Books
 c - a book of Maledictions

   Spells                             Type                      Level
   a - Corona                         Hexes                        1
   b - Ensorcelled Hibernation        Hexes/Ice                    2
   c - Confuse                        Hexes                        3
   d - Tukima's Dance                 Hexes                        3
   e - Dazzling Spray                 Conjuration/Hexes            3
Comestibles
 d - 2 bread rations
 f - a royal jelly
 g - 7 fruits


   Skills:
 - Level 2.1 Short Blades
 - Level 4.0 Dodging
 + Level 4.6 Stealth
 + Level 3.5 Spellcasting
 * Level 5.1 Hexes


You had one spell level left.
You knew the following spells:

 Your Spells              Type           Power        Failure   Level  Hunger
a - Corona                Hex            ###....      1%          1    None
t - Tukima's Dance        Hex            ###.....     8%          3    ###....
x - Confuse               Hex            ###.....     8%          3    ###....
z - Ensorcelled Hibernat  Hex/Ice        ##....       12%         2    ##.....


Dungeon Overview and Level Annotations

Branches:
Dungeon (4/15)
 Temple: D:4-7

Altars:

Annotations:
D:4 epen's ghost, amateur FoMo


Innate Abilities, Weirdness & Mutations

You are tiny and cannot use many weapons and most armour.
You have supernaturally acute eyesight.
You are a herbivore.
You cover ground extremely quickly.
You need consume almost no food.


Message History

The water moccasin skeleton resists with significant effort.
The water moccasin skeleton bites you but does no damage.
Casting: Confuse
Confirm with . or Enter, or press ? or * to list all spells.
Aiming: Confuse
Press: ? - help, Shift-Dir - straight line, f/p - water moccasin skeleton
Aim: a water moccasin skeleton (chance to defeat MR: 62%)
The water moccasin skeleton appears confused.
You are feeling hungry.
You hit the water moccasin skeleton. You hit the water moccasin skeleton.
The water moccasin skeleton bites you.
* * * LOW HITPOINT WARNING * * *
You hit the water moccasin skeleton.
The water moccasin skeleton closely misses you.
You hit the water moccasin skeleton. You hit the water moccasin skeleton.
You hit the water moccasin skeleton.
The water moccasin skeleton closely misses you.
You hit the water moccasin skeleton. The water moccasin skeleton bites you.
You die... ਜਜਜਜਜਜਜਜਜਜਜ ......Z...ਜ ਜਜਜਜਜਜਜਜਜਜਜਜ

ਜ@ਜ ਜ..........ਜ
ਜ.ਜ
ਜ.ਜਜਜਜਜਜਜਜ.ਜਜਜਜਜ.ਜ
ਜ.ਜ.b....ਜ.ਜ.....ਜ
ਜ.ਜ.ਜਜਜਜ.ਜ.ਜ.ਜਜਜਜਜ
ਜ.ਜ.ਜbbਜ.ਜ.......ਜ
ਜ.ਜ(bbbਜ.ਜਜਜ.ਜਜਜ.ਜ
ਜ.ਜਜਜਜਜਜ.ਜ ਜ...
ਜ........ਜ


ਜਜਜਜਜ You could see a water moccasin skeleton (confused).

Vanquished Creatures
  Ijyb (D:2)
  A worker ant (D:4)
  An adder (D:4)
  A worm (D:4)
  A giant gecko (D:4)
  5 orcs (D:3)
  2 ball pythons
  2 giant cockroaches
  5 hobgoblins
  6 bats
  6 giant newts
  6 goblins
  3 jackals (D:4)
  5 kobolds
  A quokka (D:2)
  9 rats
55 creatures vanquished.

Notes
Turn   | Place    | Note
--------------------------------------------------------------
     0 | D:1      | Goblin1989 the Spriggan Enchanter began the quest for the Orb.
     0 | D:1      | Reached XP level 1. HP: 9/9 MP: 5/5
   310 | D:1      | Reached XP level 2. HP: 13/13 MP: 6/6
  1285 | D:2      | Noticed Ijyb
  1333 | D:1      | Learned a level 2 spell: Ensorcelled Hibernation
  1351 | D:2      | Killed Ijyb
  1351 | D:2      | Reached XP level 3. HP: 16/16 MP: 0/8
  1356 | D:2      | Learned a level 3 spell: Confuse
  1925 | D:3      | Reached XP level 4. HP: 18/21 MP: 6/9
  1957 | D:3      | Learned a level 3 spell: Tukima's Dance
  1960 | D:3      | Noticed a phantom
  1989 | D:4      | Noticed epen's ghost (amateur FoMo)
  2094 | D:4      | Reached skill level 5 in Hexes
  2329 | D:4      | HP: 1/21 [water moccasin skeleton (3)]
  2334 | D:4      | Slain by a water moccasin skeleton

Action                   |  1- 3 |  4- 6 || total
-------------------------+-------+-------++-------
Melee: Dagger            |   144 |    68 ||   212
 Cast: Corona            |     9 |     3 ||    12
       Ensorcelled Hiber |     4 |     3 ||     7
       Confuse           |     2 |     5 ||     7
  Use: Scroll            |       |     4 ||     4
 Stab: Sleeping          |     9 |     4 ||    13
       Distracted        |     1 |       ||     1

Vault maps used:
D:1:      dpeg_arrival_chase, columned_hall_lemuel
D:2:      uniq_iyjb
D:3:      first_bread, kennysheep_flooded_box, st_stairs_5,
          lemuel_blue_sif_altar
D:4:      enter_ossuary_4, serial_shops, shop, fedhas_altar_3
